 Dungeon Crawl Stone Soup version 0.24.1-8-ga250c9d538 (webtiles) character file.

Game seed: 15738138799672387737, levelgen mode: deterministic

221 Looknius the Skirmisher (level 5, 0/47 HPs)
             Began as a Gnoll Abyssal Knight on Oct 28, 2019.
             Was a Believer of Lugonu.
             Slain by a centaur (4 damage)
             ... on level 5 of the Dungeon on May 8, 2020.
             The game lasted 00:15:10 (2599 turns).

Looknius the Skirmisher (Gnoll Abyssal Knight)      Turns: 2599, Time: 00:15:11

Health: 0/47       AC: 12    Str: 15    XL:     5   Next: 98%
Magic:  8/8        EV:  5    Int: 15    God:    Lugonu [**....]
Gold:   137        SH:  0    Dex: 14    Spells: 7/7 levels left

rFire    + . .     SeeInvis .   a - +1 mace
rCold    x . .     Gourm    .   (no shield)
rNeg     . . .     Faith    .   o - +0 plate armour
rPois    .         Spirit   .   (no helmet)
rElec    .         Reflect  .   (no cloak)
rCorr    .         Harm     .   (no gloves)
MR       .....                  (no boots)
Stlth    ..........             (no amulet)
HPRegen  0.15/turn              t - ring of fire
MPRegen  0.11/turn              h - ring of stealth

@: no status effects
A: distributed training, fangs 1, strong nose
a: Depart the Abyss, Bend Space, Renounce Religion


You were on level 5 of the Dungeon.
You worshipped Lugonu.
Lugonu was pleased with you.
You were not hungry.

You visited 1 branch of the dungeon, and saw 5 of its levels.
You visited the Abyss 1 time.

You collected 137 gold pieces.

Inventory:

Hand Weapons
 a - a +1 mace (weapon)
 w - a +0 long sword
Missiles
 j - 21 poisoned darts
 m - 2 silver boomerangs (quivered)
 n - 2 throwing nets
 q - 47 arrows
 s - 2 curare-tipped darts
Armour
 b - a +0 leather armour
 i - a +0 ring mail
 k - a +0 ring mail
 o - a +0 plate armour (worn)
Jewellery
 f - an uncursed ring of teleportation
 h - a ring of stealth (right hand)
 t - a ring of fire (left hand)
Scrolls
 d - 2 scrolls of amnesia {unknown}
 g - a scroll of fog {unknown}
 l - 2 scrolls of remove curse
 p - a scroll of enchant weapon {unknown}
 u - a scroll of teleportation {unknown}
 v - a scroll of identify {unknown}
 x - a scroll of fear
Potions
 e - a potion of magic
 r - a potion of lignification {unknown}
Comestibles
 c - 6 rations


   Skills:
 + Level 6.7 Fighting
 + Level 1.6 Short Blades
 + Level 1.6 Long Blades
 + Level 1.6 Axes
 + Level 4.8 Maces & Flails
 + Level 1.6 Polearms
 + Level 1.6 Staves
 + Level 1.6 Slings
 + Level 1.6 Bows
 + Level 1.6 Crossbows
 + Level 1.6 Throwing
 + Level 4.8 Armour
 + Level 3.1 Dodging
 + Level 1.6 Stealth
 + Level 1.6 Shields
 + Level 1.6 Unarmed Combat
 + Level 1.6 Spellcasting
 + Level 1.3 Conjurations
 + Level 1.3 Hexes
 + Level 1.3 Charms
 + Level 1.3 Summonings
 + Level 1.3 Necromancy
 + Level 1.3 Translocations
 + Level 1.3 Transmutations
 + Level 1.3 Fire Magic
 + Level 1.3 Ice Magic
 + Level 1.3 Air Magic
 + Level 1.3 Earth Magic
 + Level 1.3 Poison Magic
 + Level 4.9 Invocations
 + Level 1.6 Evocations


You had 7 spell levels left.
You didn't know any spells.
Your spell library was empty.

Dungeon Overview and Level Annotations

Branches:
Dungeon (5/15)             Temple (0/1) D:4

Altars:
Elyvilon
Fedhas


Innate Abilities, Weirdness & Mutations

Your experience applies equally to all skills.
You have very sharp teeth.
Your uncanny sense of smell can sniff out nearby items.


Message History

The centaur hits you.
* * * LOW HITPOINT WARNING * * *
The centaur hits you but does no damage.
You see here 2 arrows.
The centaur barely misses you.
The centaur hits you but does no damage.
The centaur hits you but does no damage.
You see here 2 arrows.
The centaur hits you.
* * * LOW HITPOINT WARNING * * *
The centaur completely misses you. The centaur barely misses you.
You see here 2 arrows.
The centaur barely misses you. The centaur hits you.
* * * LOW HITPOINT WARNING * * *
The centaur hits you but does no damage.
You see here 2 arrows.
The centaur hits you but does no damage.
The centaur hits you.
You die...

## .# . ∆ #.
#.#######
#...#...
#.###@#.##
#....(c..+
#####(#.##
#(#.#
#.#####.#.#
.......<#..
.........##
..........#
............


You could see a centaur.

Vanquished Creatures
  An orc priest (D:3)
  An orc wizard (D:4)
  A worker ant (D:2)
  6 adders
  An ooze (D:3)
  A worm (D:2)
  2 dart slugs
  A leopard gecko (D:3)
  6 orcs
  7 bats
  3 giant cockroaches
  6 hobgoblins
  2 jackals (D:2)
  A quokka (D:3)
  7 frilled lizards
  8 goblins
  8 kobolds
  14 rats
76 creatures vanquished.

Vanquished Creatures (others)
  An orc (D:4)
  A goblin (D:2)
2 creatures vanquished.

Grand Total: 78 creatures vanquished

Notes
Turn   | Place    | Note
-------+----------+-------------------------------------------
     0 | Abyss:1  | Looknius the Gnoll Abyssal Knight began the quest for the
                  | Orb.
     0 | Abyss:1  | Reached XP level 1. HP: 23/23 MP: 3/3
    75 | Abyss:1  | Noticed an iron imp
    75 | Abyss:1  | Noticed a starcursed mass
    77 | Abyss:1  | Noticed an iron imp
    78 | D:1      | Escaped the Abyss
   210 | D:1      | Reached * piety under Lugonu
   245 | D:1      | Reached XP level 2. HP: 14/29 MP: 5/5
   985 | D:2      | Found a white marble altar of Elyvilon.
   993 | D:2      | Reached XP level 3. HP: 31/35 MP: 6/6
  1128 | D:2      | Reached skill level 1 in Short Blades
  1128 | D:2      | Reached skill level 1 in Long Blades
  1128 | D:2      | Reached skill level 1 in Axes
  1128 | D:2      | Reached skill level 1 in Polearms
  1128 | D:2      | Reached skill level 1 in Staves
  1128 | D:2      | Reached skill level 1 in Slings
  1128 | D:2      | Reached skill level 1 in Bows
  1128 | D:2      | Reached skill level 1 in Crossbows
  1128 | D:2      | Reached skill level 1 in Throwing
  1128 | D:2      | Reached skill level 1 in Stealth
  1128 | D:2      | Reached skill level 1 in Shields
  1128 | D:2      | Reached skill level 1 in Unarmed Combat
  1128 | D:2      | Reached skill level 1 in Spellcasting
  1128 | D:2      | Reached skill level 1 in Evocations
  1128 | D:2      | Reached XP level 4. HP: 5/41 MP: 7/7
  1317 | D:2      | Reached ** piety under Lugonu
  1317 | D:2      | Reached skill level 1 in Conjurations
  1317 | D:2      | Reached skill level 1 in Hexes
  1317 | D:2      | Reached skill level 1 in Charms
  1317 | D:2      | Reached skill level 1 in Summonings
  1317 | D:2      | Reached skill level 1 in Necromancy
  1317 | D:2      | Reached skill level 1 in Translocations
  1317 | D:2      | Reached skill level 1 in Transmutations
  1317 | D:2      | Reached skill level 1 in Fire Magic
  1317 | D:2      | Reached skill level 1 in Ice Magic
  1317 | D:2      | Reached skill level 1 in Air Magic
  1317 | D:2      | Reached skill level 1 in Earth Magic
  1317 | D:2      | Reached skill level 1 in Poison Magic
  1640 | D:3      | Reached XP level 5. HP: 34/47 MP: 8/8
  2449 | D:4      | Found a staircase to the Ecumenical Temple.
  2506 | D:4      | Found a blossoming altar of Fedhas.
  2511 | D:4      | Upgraded the game from 0.24.0-1-gfbc8707122 to
                  | 0.24.1-8-ga250c9d538
  2558 | D:5      | Entered Level 5 of the Dungeon
  2560 | D:5      | Noticed a centaur
  2599 | D:5      | Slain by a centaur

Levels and vault maps discovered:
D:1:      eino_arrival_cavern_b, layout_loops_ring
D:2:      layout_rooms, elyvilon_altar_4
D:3:      layout_loops_ring, first_ration
D:4:      minmay_thinvault, layout_loops_cross, fedhas_altar_1,
          lemuel_crystal_altar, minmay_overflow_temple_star_quad,
          minmay_temple_entry_arrows
D:5:      layout_basic, uniq_ijyb

Skill      XL: |  1  2  3  4  5 |
---------------+----------------+-----
Short Blades   | 1 |  1.6
Long Blades    | 1 |  1.6
Axes           | 1 |  1.6
Polearms       | 1 |  1.6
Staves         | 1 |  1.6
Slings         | 1 |  1.6
Bows           | 1 |  1.6
Crossbows      | 1 |  1.6
Throwing       | 1 |  1.6
Stealth        | 1 |  1.6
Shields        | 1 |  1.6
Unarmed Combat | 1 |  1.6
Spellcasting   | 1 |  1.6
Evocations     | 1 |  1.6
Conjurations   | 1 |  1.3
Hexes          | 1 |  1.3
Charms         | 1 |  1.3
Summonings     | 1 |  1.3
Necromancy     | 1 |  1.3
Translocations | 1 |  1.3
Transmutations | 1 |  1.3
Fire Magic     | 1 |  1.3
Ice Magic      | 1 |  1.3
Air Magic      | 1 |  1.3
Earth Magic    | 1 |  1.3
Poison Magic   | 1 |  1.3
Dodging        | 3 |  3.1
Fighting       | |  6.7
Maces & Flails | |  4.8
Armour         | |  4.8
Invocations    | |  4.9

Action                   |  1- 3 |  4- 6 || total
-------------------------+-------+-------++-------
Melee: Mace              |    82 |   134 ||   216
       Bite              |     7 |    19 ||    26
Invok: Depart the Abyss  |     1 |       ||     1
  Use: Potion            |     4 |     3 ||     7
       Scroll            |       |     3 ||     3
 Stab: Sleeping          |     2 |     1 ||     3
       Distracted        |       |     1 ||     1
       Invisible         |       |     2 ||     2
  Eat: Chunk             |       |     3 ||     3
       Ration            |       |     1 ||     1
Armor: Leather armour    |    30 |     2 ||    32
       Plate armour      |       |   105 ||   105
       Ring mail         |       |     7 ||     7
Dodge: Dodged            |    74 |    90 ||   164
